Map: Taito Citadel LE

Players

VasterMasya

  • Race: Terran Terran
  • League: Grandmaster
  • Spawn Location: 11:00

ProbeEnjoyer - Winner!

  • Race: Protoss Protoss
  • League: Grandmaster
  • Spawn Location: 5:00

VOD

Have the link to the VOD?

Description

Time

  • Played on: Dec. 30, 2025, 3:46 p.m.
  • Length: 10:13
Show
View Real Time Build Order
Export as new Build Order

VasterMasya Terran 

Build Orders: Reaper Expand 

Get SALT Encoding   

  12  0:00  SCV  
  13  0:12  SCV  
  14  0:17  Supply Depot  
  14  0:24  SCV  
  15  0:38  SCV  
  15  0:39  Barracks  
  16  0:44  Refinery  
  16  0:50  SCV  
  17  1:03  SCV  
  18  1:15  SCV  
  19  1:28  Reaper, Orbital Command  
  20  1:43  Command Center  
  20  1:54  Supply Depot  
  20  1:55  SCV  
  21  2:02  Barracks Reactor  
  21  2:08  SCV  
  22  2:12  Barracks  
  22  2:20  Barracks  
  22  2:23  SCV  
  23  2:30  Bunker  
  23  2:35  SCV  
  24  2:39  Engineering Bay  
  24  2:42  Marine  
  25  2:44  Marine  
  25  2:48  SCV  
  27  2:57  Orbital Command  
  27  3:00  SCV  
  27  3:01  Barracks Tech Lab  
  27  3:05  Marine  
  29  3:07  Marine  
  29  3:10  Barracks Tech Lab  
  30  3:15  Terran Infantry Weapons Level 1  
  30  3:20  Marine  
  30  3:21  Stimpack  
  30  3:23  SCV  
  32  3:27  SCV  
  32  3:30  Marine x2  
  32  3:33  Marine  
  36  3:34  Concussive Shells  
  36  3:36  SCV  
  36  3:41  SCV, Supply Depot  
  38  3:48  SCV  
  38  3:53  SCV  
  38  3:54  Missile Turret, Supply Depot  
  40  3:56  Marine x2  
  40  3:58  Marauder  
  40  4:02  Marauder  
  46  4:03  SCV  
  46  4:05  SCV  
  48  4:14  Marine x2  
  48  4:15  SCV  
  51  4:20  Supply Depot, Marauder  
  51  4:22  SCV  
  51  4:23  Marauder  
  56  4:27  SCV, Supply Depot  
  57  4:33  Marine  
  57  4:34  Marine, SCV  
  60  4:45  SCV  
  61  4:47  Refinery  
  61  4:48  Command Center  
  61  4:50  Refinery  
  61  4:51  Marine x2  
  63  4:55  SCV  
  63  4:59  Factory  
  64  5:03  Marine x2, Supply Depot  
  64  5:05  SCV  
  67  5:07  SCV  
  67  5:11  Marine  
  67  5:12  Marine  
  70  5:17  SCV  
  70  5:19  SCV  
  72  5:24  Barracks x2  
  72  5:25  Terran Infantry Armor Level 1  
  71  5:30  Marauder  
  71  5:31  Marauder  
  71  5:38  Marine x2  
  71  5:40  SCV x2  
  59  5:50  Starport  
  59  5:51  Factory Reactor  
  59  5:54  Marauder x2  
  59  5:56  SCV x2  
  65  5:57  Marine  
  65  5:58  Marine  
  65  6:01  Refinery, Orbital Command  
  67  6:09  Combat Shield  
  67  6:15  Marine x2, SCV x2  
  69  6:25  Barracks Tech Lab, Barracks Reactor  
  69  6:28  Marine x2, SCV x2  
  73  6:35  Factory Reactor  
  71  6:44  Marine, Marauder x2  
  71  6:45  Barracks Reactor  
  75  6:47  Marine x2  
  75  6:48  Medivac  
  79  6:54  Orbital Command  
  77  7:02  Marauder  
  77  7:05  Marine x2, Marauder x2  
  80  7:10  SCV x2  
  80  7:12  Medivac  
  84  7:17  Widow Mine x2  
  84  7:18  Orbital Command  
  89  7:22  SCV  
  89  7:23  Marine x2, SCV, Marauder  
  89  7:27  Medivac, Marauder x2  
  100  7:31  Marine x2  
  100  7:35  SCV  
  101  7:39  Supply Depot  
  101  7:40  Supply Depot  
  101  7:41  Supply Depot  
  101  7:46  SCV x2, Marauder  
  101  7:47  SCV  
  101  7:48  Widow Mine  
  101  7:49  Widow Mine  
  109  8:01  SCV x3, Medivac  
  109  8:05  Supply Depot x2  
  114  8:09  Starport, Engineering Bay, Armory  
  114  8:11  Widow Mine  
  116  8:13  Medivac, SCV x2  
  116  8:15  SCV  
  116  8:19  Supply Depot  
  121  8:25  SCV x2  
  123  8:28  SCV  
  123  8:32  Missile Turret  
  124  8:35  Missile Turret  
  124  8:37  SCV  
  124  8:38  Missile Turret  
  124  8:39  Viking  
  124  8:40  SCV x2  
  124  8:41  Missile Turret  
  127  8:43  Viking  
  127  8:48  Refinery  
  127  8:49  SCV  
  127  8:51  Refinery  
  127  8:52  SCV  
  127  8:55  Missile Turret, Factory Reactor  
  129  8:56  Marine  
  129  8:57  Marine x2, Marauder x2  
  135  9:04  SCV x2  
  135  9:09  Viking x2  
  141  9:12  SCV  
  141  9:16  SCV  
  140  9:26  Marine x4  
  140  9:27  Marauder x2  
  137  9:33  Orbital Command  
  137  9:37  SCV x2  
  123  9:45  Marine x3, Marauder  
  122  9:48  Marauder  
  106  9:53  SCV x2  
  106  9:54  Ghost Academy  
Show
View Real Time Build Order
Export as new Build Order

ProbeEnjoyer Protoss - Winner!

Build Orders: 1 Gate Expand, Blink Stalkers 

Get SALT Encoding   

  12  0:00  Probe  
  13  0:12  Probe  
  14  0:16  Pylon  
  14  0:23  Probe  
  15  0:31  Probe  
  16  0:35  Gateway  
  16  0:39  Probe  
  16  0:45  Assimilator  
  17  0:52  Probe  
  18  1:04  Probe  
  19  1:16  Probe  
  20  1:23  Cybernetics Core  
  20  1:31  Nexus  
  20  1:35  Probe  
  21  1:40  Pylon  
  21  1:47  Assimilator  
  21  1:51  Probe, Warp Gate  
  21  1:52  Adept  
  24  2:03  Probe  
  25  2:15  Probe  
  26  2:17  Stalker  
  28  2:27  Probe  
  29  2:34  Twilight Council  
  29  2:39  Probe x2  
  31  2:44  Stalker, Blink  
  31  2:48  Probe  
  33  2:51  Probe  
  33  2:58  Probe  
  35  3:03  Probe  
  35  3:05  Gateway  
  37  3:10  Probe  
  38  3:15  Probe  
  39  3:22  Probe  
  39  3:26  Pylon  
  40  3:29  Probe  
  40  3:31  Robotics Facility  
  41  3:35  Gateway  
  41  3:36  Probe  
  42  3:41  Probe  
  42  3:43  Stalker  
  45  3:48  Probe  
  45  3:53  Probe  
  47  3:59  Stalker  
  49  4:05  Probe  
  49  4:06  Probe  
  49  4:08  Assimilator  
  51  4:14  Stalker  
  53  4:18  Probe  
  53  4:21  Pylon  
  54  4:25  Nexus  
  54  4:29  Pylon  
  54  4:39  Observer, Probe x2  
  54  4:40  Stalker x2  
  54  4:45  Pylon  
  61  4:47  Stalker  
  61  4:50  Immortal  
  61  4:51  Probe x2  
  65  4:59  Shield Battery  
  63  5:05  Stalker  
  69  5:17  Stalker x2  
  69  5:20  Shield Battery  
  73  5:32  Stalker  
  73  5:40  Probe x2  
  73  5:41  Probe  
  70  5:48  Stalker x2  
  70  5:49  Probe x2  
  71  5:52  Charge  
  71  5:53  Probe  
  71  5:56  Gateway  
  71  5:57  Probe x2, Gateway  
  76  6:05  Probe  
  76  6:08  Probe x2  
  76  6:09  Pylon  
  79  6:12  Assimilator  
  79  6:13  Templar Archives  
  79  6:18  Probe, Zealot x3  
  80  6:20  Probe  
  87  6:27  Probe  
  87  6:30  Probe  
  87  6:32  Pylon  
  89  6:38  Warp Prism  
  87  6:46  Zealot x3  
  92  6:47  Probe x2  
  92  6:51  Zealot  
  97  7:06  Psionic Storm  
  97  7:08  Probe x2  
  97  7:09  Zealot x4  
  107  7:15  Probe  
  107  7:17  Pylon, Gateway x2  
  107  7:19  Gateway  
  107  7:20  Probe  
  109  7:23  Gateway  
  109  7:27  Assimilator  
  109  7:29  Pylon, Assimilator  
  109  7:35  Probe x3  
  109  7:36  High Templar x2  
  116  7:42  Forge  
  116  7:47  Probe  
  117  7:52  Zealot x3  
  117  7:55  Protoss Ground Weapons Level 1  
  123  8:02  Pylon  
  123  8:04  Pylon  
  123  8:08  Pylon x2  
  123  8:10  Nexus  
  123  8:11  High Templar  
  125  8:14  Pylon  
  125  8:18  Immortal  
  125  8:24  High Templar x4  
  137  8:27  Zealot x2  
  137  8:28  Zealot x2  
  143  8:44  Probe x3  
  146  8:49  High Templar, Robotics Bay  
  146  8:50  High Templar, Forge  
  146  8:53  Robotics Facility  
  150  8:56  Probe x3  
  151  9:11  Zealot x7  
  130  9:49  Zealot x9  
  130  9:50  Probe  
  130  9:51  Probe x2  
  143  10:09  Zealot x9  
  143  10:13  Archon x2  
Tags
 
Add a new tag
Caveats
  • Supply blocks, unpowered buildings, or Contaminate may cause inaccurate times.
  • Supply counts are checked every 10 seconds.